Quickblade, chaotic female elven Rogue -.. - - |@...|.- -%h...<.. ........ -...... ...... G -G. Quickblade the Rogue Experience level: 6 Strength: 13 Dexterity: 19 Constitution: 14 Intelligence: 14 Wisdom: 9 Charisma: 11 Health: 0(38) Energy: 28(28) Def: 8 Gold: 240 Moves: 3244 Dungeon seed: 5fKKlvuTnGgOyd8m Game ID: Quickblade_1437196494 Your Inventory: Coins $ - 240 gold pieces Amulets M - a cursed amulet of restful sleep Weapons a - a +0 elven short sword (alternate weapon; not wielded) i - 23 poisoned +0 darts t - 10 +0 elven daggers (wielded) W - a +0 elven dagger Armor e - an uncursed +0 dwarvish iron helm n - an uncursed +0 shield of reflection (being worn) y - an uncursed +0 elven cloak (being worn) z - an uncursed +0 elven mithril-coat (being worn) Comestibles J - an uncursed sprig of wolfsbane Scrolls C - an uncursed scroll of identify L - an uncursed scroll of food detection Potions G - a blessed potion of sleeping I - an uncursed potion of gain energy K - an uncursed potion of confusion Rings p - an uncursed +1 ring of increase accuracy T - an uncursed ring of regeneration Wands m - a wand of create monster (0:11) r - a wand of lightning (0:8) Tools d - an uncursed lock pick f - an uncursed sack g - an uncursed blindfold h - an uncursed tin whistle o - an uncursed stethoscope H - an uncursed tallow candle (0:200) Gems q - an uncursed worthless piece of violet glass Contents of the sack: an uncursed scroll of blank paper an uncursed scroll of confuse monster an uncursed scroll of enchant weapon a cursed scroll of enchant weapon an uncursed scroll of light an uncursed scroll of magic mapping an uncursed scroll of remove curse an uncursed scroll of scare monster a blessed scroll of teleportation Spells and supernatural/magical abilities: Name Level Category Fail Memory w - wizard lock 2 matter 100% 95% W - pray for help -- divine ? -- Your skills at the end: Fighting Skills Weapon Skills dagger [Skilled] short sword [Basic] Spellcasting Skills Final Attributes: You were piously aligned. You were sleep resistant. You had infravision. You were stealthy. You had reflection. You are dead. Vanquished creatures: a leprechaun a Mordor orc a fog cloud 5 gnome lords a gnomish wizard 2 floating eyes a kitten 5 dwarves a kobold shaman 4 rothes a giant bat 3 orc zombies a werejackal an acid blob 3 hobbits a hobgoblin a yellow mold 16 gnomes a manes 3 geckos a jackal 3 kobolds 2 goblins 4 sewer rats 5 grid bugs 3 lichens 2 kobold zombies 7 newts 80 creatures vanquished. Voluntary challenges: You had been an atheist until turn 2264. You used a wielded weapon 110 times, starting on turn 188. You read items or engraved 6 times, starting on turn 1829. You never genocided any monsters. You never polymorphed an object. You never changed form. You used no wishes. You never split a pudding. You never wrote Elbereth's name. You never violated your personal moral code. You abstained from Elbereth's help. Dungeon overview: The Dungeons of Doom: levels 1 to 4 Level 1 a sink a long staircase Level 2 a wand shop Level 3 a general store Level 4 a potion shop stairs to The Gnomish Mines The Gnomish Mines: levels 5 to 7 Level 5 stairs to The Dungeons of Doom Level 6 Level 7 <- You were here History has recorded: On T:1 you entered the Dungeons of Doom to retrieve the Amulet of Yendor! On T:558 you advanced to experience level 2. On T:625 you reached level 2 of The Dungeons of Doom. On T:864 you advanced to experience level 3. On T:1136 you reached level 3 of The Dungeons of Doom. On T:1896 you advanced to experience level 4. On T:1907 you reached level 4 of The Dungeons of Doom. On T:2343 you reached level 1 of The Gnomish Mines. On T:2361 you advanced to experience level 5. On T:2679 you reached level 2 of The Gnomish Mines. On T:2776 you advanced to experience level 6. On T:3222 you reached level 3 of The Gnomish Mines. Score breakdown: Gold: 240 ( 24 points) Experience: 6 levels ( 500 points) Exploration: 7 levels ( 180 points) Discoveries: 14 items ( 700 points) Variety of kills: 28 monsters ( 1400 points) Major goal: (nothing yet) ( 0 points) Survival: died (score multiplied by 3) Total score: 8412 Latest messages: You put a scroll labeled XIXAXA XOXAXA XUXAXA into the sack. You put a milky potion into the sack. You put a white potion into the sack. You put a murky potion into the sack. You put a pink potion into the sack. You put a milky potion into the sack. You put 2 black potions into the sack. You put a fizzy potion into the sack. The elven dagger hits the dwarf king. The dwarf king swings his broad pick. The dwarf king hits! The dwarf king swings his broad pick. The dwarf king hits! You die... Final status: Goodbye Quickblade the Rogue, killed by a dwarf king... You died in The Gnomish Mines on dungeon level 7 with 8412 points, and 240 pieces of gold, after 3244 moves. You were level 6 with a maximum of 38 hit points when you died.